 Dungeon Crawl Stone Soup version 0.29-a0-1052-g6990b1bffc (webtiles) character file.

Game seed: 10062243434752808859

14 drugrobin the Sneak (level 2, -27/25 HPs)
             Began as a Demigod Delver on Aug 18, 2022.
             Killed by an exploding kobold zombie (33 damage)
             ... ignited by their inner flame
             ... in an ossuary.
             The game lasted 00:01:47 (154 turns).

drugrobin the Sneak (Demigod Delver)                 Turns: 154, Time: 00:01:47

Health: -27/25     AC:  3    Str: 13    XL:     2   Next: 18%
Magic:  4/4        EV: 12    Int: 12    God:
Gold:   6          SH:  0    Dex: 15    Spells: 1/1 levels left

rFire   . . .      SeeInvis .   a - +0 hand axe
rCold   . . .      Faith    .   (no shield)
rNeg    . . .      Spirit   .   b - +0 leather armour
rPois   .          Reflect  .   (no helmet)
rElec   .          Harm     .   (no cloak)
rCorr   .          Rampage  .   (no gloves)
Will    .....                   (no boots)
Stlth   +++.......              (no amulet)
HPRegen 0.08/turn               (no ring)
MPRegen 0.09/turn               (no ring)

@: no status effects
A: high MP 1, forlorn, divine attributes
a: no special abilities


You were in an ossuary.
You visited 1 branch of the dungeon, and saw 2 of its levels.
You also visited: Ossuary.

You collected 6 gold pieces.

Inventory:

Hand Weapons
 a - a +0 hand axe (weapon)
Armour
 b - a +0 leather armour (worn)
Wands
 g - a wand of digging (2)
Scrolls
 c - a scroll of fog
 e - a scroll of fear


   Skills:
 + Level 2.9 Fighting
 * Level 2.1 Axes
 - Level 2.0 Dodging
 - Level 4.6 Stealth


You had one spell level left.
You didn't know any spells.
Your spell library was empty.

Dungeon Overview and Level Annotations

Branches:
Dungeon (5/15)            Ossuary (1/1)
 Temple: D:4-7

Annotations:
D:4 Pikel


Innate Abilities, Weirdness & Mutations

You have an increased reservoir of magic. (+10% MP)
You shall have no god before yourself.
Your divine heritage dramatically boosts your attributes as you level up.


Message History

Unknown command.
You barely miss the gnoll zombie.
The gnoll zombie is almost destroyed.
The gnoll zombie hits you.
* * * LOW HITPOINT WARNING * * *
Unknown command.
Unknown command.
You hit the gnoll zombie.
You destroy the gnoll zombie!
Unknown command.
Unknown command.
Unknown command.
You aren't carrying any potions.
Unknown command.
Unknown command.
As you read the scroll labelled LEFEPSIUPSU, it crumbles to dust.
The creatures around you are filled with an inner flame!
It was a scroll of immolation.
Unknown command.
Unknown command.
Unknown command.
You aren't carrying any potions.
Unknown command.
Unknown command.
Unknown command.
Unknown command.
You aren't carrying any potions.
Okay, then.
The gnoll zombie hits you.
* * * LOW HITPOINT WARNING * * *
There is a gate leading back out of this place here.
Unknown command.
Unknown command.
You barely miss the gnoll zombie. You hit the kobold zombie.
Flame seeps out of the kobold zombie.
The gnoll zombie closely misses you.
The kobold zombie is engulfed in blazing flames.
The kobold zombie explodes!
The fiery explosion engulfs you!!
Ouch! That really hurt!
You die...

#....#
#....#
#....#
#....#
#..Z.#
#..Z.#
#§Z§.#
#§○@.#
######


You could see 3 gnoll zombies.

Vanquished Creatures
  A mummy (D:4)
  A gnoll zombie (Ossuary)
  A ball python (D:4)
  A kobold zombie (Ossuary)
4 creatures vanquished.

Notes
Turn   | Place    | Note
-------+----------+-------------------------------------------
     0 | D:5      | drugrobin the Demigod Delver began the quest for the Orb.
     0 | D:5      | Reached XP level 1. HP: 18/18 MP: 3/3
    31 | D:5      | Noticed an iguana
    58 | D:4      | Noticed a lemure
    74 | D:4      | Noticed a lemure
    77 | D:4      | Noticed Pikel
    78 | D:4      | Noticed a lemure
    96 | D:4      | Found a sand-covered staircase.
   106 | D:4      | Reached XP level 2. HP: 8/25 MP: 4/4
   108 | Ossuary  | Entered an ossuary
   154 | Ossuary  | Killed by an exploding kobold zombie... ignited by their
                  | inner flame

Illustrated notes

Levels and vault maps discovered:
D:4:      layout_rooms, nicolae_qazlal_general_emergency, kennysheep_mini,
          nicolae_ossuary_entry_giza, kennysheep_donut, roderic_roman_lattice,
          uniq_pikel
D:5:      layout_cave_pools, nicolae_overflow_crystal_walls,
          grunt_dithmenos_shadows, serial_bayou_lagoon_a
Ossuary:  ossuary_tomb_3

Skill      XL: |  1 |
---------------+----+-----
Axes           | 2 |  2.1
Dodging        | 2 |  2.0
Fighting       | |  2.9
Stealth        | |  4.6

Action                   || total
-------------------------++-------
Melee: Hand axe          ||    13
       Punch             ||     1
Evoke: Wand              ||     1
  Use: Scroll            ||     2
       Potion            ||     1
 Stab: Sleeping          ||     1
Armor: Leather armour    ||     6
Dodge: Dodged            ||    18

Table legend: (Time is in decaauts)
 A = Elapsed time spent in this place.
 B = Non-inter-level travel time spent in this place.
 C = Inter-level travel time spent in this place.
 D = Time resting spent in this place.
 E = Time spent auto-exploring this place.
 F = Levels seen in this place.
 G = Mean time per level.
                   A        B        C        D        E       F      G
               +--------+--------+--------+--------+--------+-----+--------+
         Total |    136 |    131 |      5 |     18 |     28 |   3 |   45.3 |
       Dungeon |     99 |     94 |      5 |      0 |     28 |   2 |   49.5 |
       Ossuary |     36 |     36 |      0 |     18 |      0 |   1 |   36.0 |
               +--------+--------+--------+--------+--------+-----+--------+

Top non-repeatable levels by time:
     D:4: 56 daAuts
     D:5: 43 daAuts
 Ossuary: 36 daAuts
